 Dungeon Sprint DCSS version 0.32-a0-39-g5c88369fb2 (webtiles) character file.

Game seed: 11576415994399967426

1234 Conn the Arsonist (level 8, 0/59 HPs)
             Began as an Octopode Fire Elementalist on Feb 4, 2024.
             Was a Believer of Sif Muna.
             Slain by Snorg (20 damage)
             ... in the Dungeon (Sprint III: "The Ten Rune Challenge").
             The game lasted 00:05:53 (913 turns).

Conn the Arsonist (Octopode Fire Elementalist)       Turns: 913, Time: 00:05:53

Health: 0/59       AC:  1    Str: 12    XL:     8   Next: 48%
Magic:  19/19      EV: 14    Int: 18    God:    Sif Muna [**....]
Gold:   68         SH:  0    Dex: 11    Spells: 6/22 levels left

rFire   . . .        m - +1 dagger (venom)
rCold   . . .        (no shield)
rNeg    . . .        (helmet restricted)
rPois   .            (no amulet)
rElec   .            (no ring)
rCorr   .            (no ring)
SInv    .            (no ring)
Will    .....        (no ring)
Stlth   ++++         (no ring)
HPRegen 0.29/turn    (no ring)
MPRegen 0.16/turn    (no ring)
                     (no ring)

%: no teleportation, clarity
@: hasted, very quick
A: almost no armour, amphibious, 8 rings, camouflage 1, gelatinous body 1,
(nimble swimmer 1), tentacles, clarity, robust 1, strong 1
a: Renounce Religion, Channel Magic


You were in the Dungeon.
You worshipped Sif Muna.
Sif Muna was pleased with you.
You visited 1 branch You collected 68 gold pieces.

Inventory:

Hand Weapons
 m - a +1 dagger of venom (weapon)
Scrolls
 f - a scroll of blinking
 h - a scroll of torment {unknown}
 i - 2 scrolls of identify
 k - a scroll of immolation {unknown}
 l - a scroll of fear {unknown}
Potions
 a - 2 potions of magic
 b - 2 potions of curing
 e - a potion of berserk rage
 g - 2 potions of mutation
 j - 4 potions of enlightenment
Miscellaneous
 n - a box of beasts (inert)


   Skills:
 + Level 4.2 Fighting
 + Level 5.9 Dodging
 - Level 7.1 Stealth
 + Level 7.9 Spellcasting
 + Level 6.1 Conjurations
 + Level 4.1 Hexes
 * Level 4.5 Summonings
 + Level 10.2 Fire Magic
 + Level 4.6 Invocations


You had 6 spell levels left.
You knew the following spells:

 Your Spells              Type           Power      Damage    Failure   Level
a - Foxfire               Conj/Fire      100%       2x1d9     1%          1
b - Scorch                Fire           86%        2d8       1%          2
c - Inner Flame           Hex/Fire       33%        N/A       1%          3
d - Flame Wave            Conj/Fire      36%        2d10      3%          4
e - Summon Cactus Giant   Summ           11%        N/A       93%         6

Your spell library contained the following spells:

 Spells                   Type           Power      Damage    Failure   Level
 Volatile Blastmotes      Fire/Tloc      50%        2d14      3%          3


Dungeon Overview and Level Annotations

Branches:
Dungeon (1/1)

Altars:
Cheibriados
Dithmenos
Elyvilon
Fedhas
Gozag
Hepliaklqana
Kikubaaqudgha
Makhleb
Nemelex Xobeh
Okawaru
Qazlal
Ru
Sif Muna
Trog
Uskayaw
Vehumet
Wu Jian
Xom
Yredelemnul
Zin
The Shining One
Jiyva
Lugonu

Annotations:
D Snorg


Innate Abilities, Weirdness & Mutations

You cannot wear most types of armour.
You are amphibious.
You can wear up to eight rings at the same time.
Your skin changes colour to match your surroundings (Stealth+).
Your rubbery body absorbs attacks. (AC +1, EV +1)
((You are camouflaged when in or above water. (Stealth+)))
You have tentacles for arms and can constrict up to eight enemies at once.
You possess an exceptional clarity of mind.
You are robust. (+10% HP)
Your muscles are strong. (Str +4, Int/Dex -1)


Message History

Okay, then.
Unknown command.
Unknown command.
Unknown command.
Casting: Flame Wave (dangerous; 3% risk of failure)
Confirm with . or Enter, or press ? or * to list all spells.
Okay, then.
Unknown command.
Unknown command.
Unknown command.
You open the lid... ...and a larval oxshock beast leaps out!
The box is emptied!
Snorg shouts!
Snorg goes berserk!
You enter the shallow water.
Your larval oxshock beast bursts into living lightning!
The living lightning hits Snorg!!
Your larval oxshock beast blinks!
Unknown command.
Snorg bites your larval oxshock beast. Snorg claws your larval oxshock beast!
Snorg claws your larval oxshock beast but does no damage.
Your larval oxshock beast splashes around in the water.
Your larval oxshock beast barely misses Snorg.
Unknown command.
Snorg bites your larval oxshock beast. Snorg claws your larval oxshock beast!!
Your larval oxshock beast dies!
Your larval oxshock beast's corpse disappears in a puff of smoke!
Casting: Flame Wave (dangerous; 3% risk of failure)
Confirm with . or Enter, or press ? or * to list all spells.
Okay, then.
Okay, then.
Okay, then.
Okay, then.
You feel yourself speed up. Snorg closely misses you. Snorg claws you!!
Snorg misses you. Snorg misses you. Snorg claws you. Snorg claws you!
Snorg bites you. Snorg claws you! Snorg misses you.
Snorg attacks as she pursues you! Snorg closely misses you. Snorg claws you!!
You die...

♣.############
♣.#___#___#__#
♣♣.#)..#__)#._#
♣..###'#'###'##
...#..........#
♣♣.'.⌠........#
.♣.#...######'#
...#.⌠.#__#...#+#####
...#...#__#...#§@T§§+
...#)###__#...#§#§§§#
...#...#__#...'.#..§#
...#___#__'...#.#§.§#
▓▓▓▓▓▓▓▓▓▓▓▓▓▓▓▓▓▓▓▓▓


You could see Snorg (berserk).

Vanquished Creatures
  A deep elf pyromancer (D)
  A shadow (D)
  A spatial vortex (D)
  A necrophage (D)
  A water elemental (D)
  A scorpion (D)
  An arcanist (D)
  A jelly (D)
  A necromancer (D)
  A kobold demonologist (D)
  3 humans (D)
  2 endoplasms (D)
  2 rats (D)
17 creatures vanquished.

Vanquished Creatures (others)
  67 foxfires (D)
67 creatures vanquished.

Grand Total: 84 creatures vanquished

Notes
Turn   | Place    | Note
-------+----------+-------------------------------------------
     0 | D        | Conn the Octopode Fire Elementalist began the quest for the
                  | Orb.
     0 | D        | Reached XP level 1. HP: 11/11 MP: 3/3
   115 | D        | Noticed a scorpion
   126 | D        | Killed a scorpion
   127 | D        | Reached skill level 6 in Fire Magic
   127 | D        | Reached XP level 2. HP: 17/17 MP: 0/6
   127 | D        | Reached XP level 3. HP: 21/21 MP: 0/8
   153 | D        | Reached XP level 4. HP: 27/27 MP: 0/10
   160 | D        | Learned a level 2 spell: Scorch
   164 | D        | Learned a level 3 spell: Inner Flame
   169 | D        | Learned a level 4 spell: Flame Wave
   183 | D        | Gained mutation: Your flesh is cold resistant. (rC+)
                  | [potion of mutation]
   183 | D        | Gained mutation: You possess an exceptional clarity of
                  | mind. [potion of mutation]
   249 | D        | Lost mutation: You possess an exceptional clarity of mind.
                  | [potion of mutation]
   249 | D        | Lost mutation: Your flesh is cold resistant. (rC+) [potion
                  | of mutation]
   249 | D        | Gained mutation: You are frail. (-10% HP) [potion of
                  | mutation]
   249 | D        | Gained mutation: Your magical capacity is low. (-10% MP)
                  | [potion of mutation]
   249 | D        | Gained mutation: You are weak. (Str -2) [potion of
                  | mutation]
   249 | D        | Lost mutation: Your magical capacity is low. (-10% MP)
                  | [potion of mutation]
   250 | D        | Lost mutation: You are weak. (Str -2) [potion of mutation]
   250 | D        | Lost mutation: You are frail. (-10% HP) [potion of
                  | mutation]
   250 | D        | Gained mutation: You are agile. (Dex +4, Str/Int -1)
                  | [potion of mutation]
   250 | D        | Gained mutation: You sometimes lose your temper in combat.
                  | [potion of mutation]
   251 | D        | Lost mutation: You are agile. (Dex +4, Str/Int -1) [potion
                  | of mutation]
   251 | D        | Lost mutation: You sometimes lose your temper in combat.
                  | [potion of mutation]
   251 | D        | Gained mutation: Your muscles are strong. (Str +4, Int/Dex
                  | -1) [potion of mutation]
   251 | D        | Gained mutation: You are robust. (+10% HP) [potion of
                  | mutation]
   251 | D        | Gained mutation: You possess an exceptional clarity of
                  | mind. [potion of mutation]
   296 | D        | Noticed a water elemental
   301 | D        | Killed a water elemental
   302 | D        | Reached skill level 7 in Fire Magic
   302 | D        | Reached XP level 5. HP: 24/34 MP: 0/12
   400 | D        | Found a radiant altar of Vehumet.
   400 | D        | Found a shimmering blue altar of Sif Muna.
   400 | D        | Found an ancient bone altar of Kikubaaqudgha.
   404 | D        | Reached skill level 5 in Spellcasting
   404 | D        | Reached skill level 8 in Fire Magic
   406 | D        | Reached skill level 5 in Stealth
   411 | D        | Became a worshipper of Sif Muna the Loreminder
   487 | D        | Found a shadowy altar of Dithmenos.
   488 | D        | Found a basalt altar of Yredelemnul.
   488 | D        | Found a sacrificial altar of Ru.
   492 | D        | Reached skill level 9 in Fire Magic
   492 | D        | Reached XP level 6. HP: 39/39 MP: 13/15
   503 | D        | Reached * piety under Sif Muna
   507 | D        | Noticed a shadow
   519 | D        | Killed a shadow
   520 | D        | Reached XP level 7. HP: 43/49 MP: 14/17
   536 | D        | Found a blossoming altar of Fedhas.
   536 | D        | Found a stormy altar of Qazlal.
   536 | D        | Found a snail-covered altar of Cheibriados.
   536 | D        | Found a burning altar of Makhleb.
   536 | D        | Found a shimmering altar of Xom.
   537 | D        | Found a hazy altar of Hepliaklqana.
   537 | D        | Found an opulent altar of Gozag.
   537 | D        | Found a sparkling altar of Nemelex Xobeh.
   537 | D        | Found a corrupted altar of Lugonu.
   537 | D        | Found a viscous altar of Jiyva.
   537 | D        | Noticed a spatial vortex
   574 | D        | Killed a spatial vortex
   575 | D        | Reached skill level 5 in Conjurations
   678 | D        | Learned a level 6 spell: Summon Cactus Giant
   679 | D        | Found a hide-covered altar of Uskayaw.
   679 | D        | Found an iron altar of Okawaru.
   680 | D        | Found a bloodstained altar of Trog.
   680 | D        | Found an ornate altar of the Wu Jian Council.
   680 | D        | Noticed a human
   681 | D        | Noticed a human
   686 | D        | Killed a human
   686 | D        | Reached ** piety under Sif Muna
   687 | D        | Reached skill level 5 in Dodging
   691 | D        | Killed a human
   797 | D        | Found a glowing silver altar of Zin.
   797 | D        | Found a glowing golden altar of the Shining One.
   797 | D        | Found a white marble altar of Elyvilon.
   798 | D        | Noticed a deep elf pyromancer
   802 | D        | Noticed a fire elemental
   803 | D        | Killed a deep elf pyromancer
   804 | D        | Reached skill level 10 in Fire Magic
   804 | D        | Reached XP level 8. HP: 33/59 MP: 13/19
   905 | D        | Noticed Snorg
   913 | D        | Slain by Snorg

Illustrated notes

Levels and vault maps discovered:
D:        dungeon_sprint_mu [sprint_mu_entry_forest, sprint_mu_temple_rooms,
          sprint_mu_d1_horrors, sprint_mu_d2_genie, sprint_mu_d3_branching,
          sprint_mu_orc_legion, sprint_mu_elf_gauntlet, sprint_mu_hive_nellie,
          sprint_mu_lair_fedhas, sprint_mu_vaults_butterflies,
          sprint_mu_slime_circle, sprint_mu_shoals_archi,
          sprint_mu_snake_twists, sprint_mu_blade_basic,
          sprint_mu_crypt_fortress, sprint_mu_tomb_spiral,
          sprint_mu_vestibule_basic, sprint_mu_gehenna_hellfire,
          sprint_mu_dis_giant, sprint_mu_tartarus_statrot,
          sprint_mu_cocytus_islands, sprint_mu_zot1]

Skill      XL: |  1  2  3  4  5  6  7 |
---------------+----------------------+-----
Stealth        | 3 4 5 6 7 |  7.1
Dodging        | 3 4 5 |  5.9
Spellcasting   | 3 4 6 7 |  7.9
Fire Magic     | 6 7 9 10 | 10.2
Conjurations   | 2 3 4 6 |  6.1
Fighting       | 2 4 |  4.2
Hexes          | 2 4 |  4.1
Invocations    | 2 4 |  4.6
Summonings     | 4 |  4.5

Action                     |  1- 3 |  4- 6 |  7- 9 || total
---------------------------+-------+-------+-------++-------
  Melee: Unarmed           |     4 |       |       ||     4
         Constrict         |     1 |     1 |     1 ||     3
         Tentacles         |     1 |     1 |     1 ||     3
         Dagger            |       |     3 |     6 ||     9
         Punch             |       |       |     1 ||     1
   Cast: Foxfire           |    12 |     7 |    18 ||    37
         Scorch            |       |    13 |     1 ||    14
         Inner Flame       |       |     2 |       ||     2
         Flame Wave        |       |       |     2 ||     2
  Evoke: Box of beasts     |       |       |     1 ||     1
    Use: Potion            |       |     5 |     2 ||     7
   Stab: Sleeping          |       |     2 |     2 ||     4
 Armour: Skin              |     1 |     3 |    14 ||    18
  Dodge: Dodged            |       |     1 |    16 ||    17

Table legend: (Time is in decaauts)
 A = Elapsed time spent in this place.
 B = Non-inter-level travel time spent in this place.
 C = Inter-level travel time spent in this place.
 D = Time resting spent in this place.
 E = Time spent auto-exploring this place.
 F = Levels seen in this place.
 G = Mean time per level.
                   A        B        C        D        E       F      G
               +--------+--------+--------+--------+--------+-----+--------+
         Total |    911 |    911 |      0 |    537 |      0 |   1 |  911.0 |
       Dungeon |    911 |    911 |      0 |    537 |      0 |   1 |  911.0 |
               +--------+--------+--------+--------+--------+-----+--------+

Top non-repeatable levels by time:
       D: 911 daAuts
